 Dungeon Crawl Stone Soup version 0.28-a0-938-gbc3f381ebc (webtiles) character file.

Game seed: 9679539194213337494

3025 BinkBink the Carver (level 9, -7/78 HPs)
             Began as a Minotaur Monk on Nov 28, 2021.
             Was an Initiate of Gozag.
             Mangled by a two-headed ogre (14 damage)
             ... on level 8 of the Dungeon.
             The game lasted 00:19:57 (10469 turns).

BinkBink the Carver (Minotaur Monk)                Turns: 10469, Time: 00:20:00

Health: -7/78      AC: 10    Str: 16    XL:     9   Next: 55%
Magic:  8/8        EV: 13    Int: 13    God:    Gozag
Gold:   1021       SH:  6    Dex: 16    Spells: 8/8 levels left

rFire   . . .      SeeInvis .   a - +0 falchion
rCold   . . .      Faith    .   o - +0 buckler
rNeg    + . .      Spirit   .   f - +0 ring mail
rPois   .          Reflect  .   (helmet restricted)
rElec   .          Harm     .   (no cloak)
rCorr   .          Rampage  +   (no gloves)
Will    .....                   n - +2 pair of boots {rampage}
Stlth   +.........              (no amulet)
HPRegen 0.23/turn               m - ring of positive energy
MPRegen 0.11/turn               g - +6 ring of intelligence

@: gold aura
A: horns 2, retaliatory headbutt
a: Renounce Religion, Potion Petition, Call Merchant, Bribe Branch


You were on level 8 of the Dungeon.
You worshipped Gozag.
Gozag was most pleased with you.
You visited 2 branches of the dungeon, and saw 9 of its levels.

You collected 1261 gold pieces.
You spent 240 gold pieces at shops.

Inventory:

Hand Weapons
 a - a +0 falchion (weapon)
 l - a +0 fustibalus
Missiles
 e - 2 throwing nets (quivered)
 q - 133 stones
Armour
 f - a +0 ring mail (worn)
 n - a +2 pair of boots of rampaging (worn)
 o - a +0 buckler (worn)
 r - a +0 plate armour
Magical Staves
 h - a staff of poison
Jewellery
 g - a +6 ring of intelligence (right hand)
 m - a ring of positive energy (left hand)
Wands
 s - a wand of polymorph (7)
 v - a wand of mindburst (11)
 x - a wand of iceblast (3)
Scrolls
 b - 2 scrolls of immolation {unknown}
 c - a scroll of holy word {unknown}
 i - 2 scrolls of amnesia {unknown}
 j - 4 scrolls of teleportation {unknown}
 k - 2 scrolls of identify {unknown}
 p - a scroll of enchant weapon {unknown}
 t - a scroll of magic mapping {unknown}
 u - a scroll of brand weapon {unknown}
Potions
 d - a potion of curing
Miscellaneous
 w - a piece from Xom's chessboard (15/15)


   Skills:
 + Level 6.5 Fighting
 + Level 9.8 Long Blades
 - Level 1.9 Slings
 * Level 8.2 Armour
 + Level 5.6 Dodging
 - Level 1.9 Stealth
 * Level 6.2 Shields


You had 8 spell levels left.
You didn't know any spells.
Your spell library contained the following spells:

 Spells                   Type           Power      Damage    Failure   Level
 Animate Skeleton         Necr           0%         N/A       45%         1
 Apportation              Tloc           0%         N/A       45%         1
 Magic Dart               Conj           0%         1d3       45%         1
 Summon Small Mammal      Summ           0%         N/A       45%         1
 Blink                    Tloc           0%         N/A       61%         2
 Call Imp                 Summ           0%         N/A       61%         2
 Call Canine Familiar     Summ           0%         N/A       83%         3
 Lesser Beckoning         Tloc           0%         N/A       83%         3
 Mephitic Cloud           Conj/Pois/Air  0%         N/A       83%         3
 Summon Guardian Golem    Hex/Summ       0%         N/A       83%         3
 Manifold Assault         Tloc           0%         N/A       100%        5


Dungeon Overview and Level Annotations

Branches:
Dungeon (8/15)             Temple (1/1) D:4
   Lair: D:8-11

Altars:
Ashenzari
Cheibriados
Dithmenos
Elyvilon
Fedhas
Gozag
Hepliaklqana
Kikubaaqudgha
Nemelex Xobeh
Okawaru
Qazlal
Ru
Sif Muna
Trog
Uskayaw
Vehumet
Xom
Yredelemnul
Zin
The Shining One

Shops:
D:3 [


Innate Abilities, Weirdness & Mutations

You have a pair of horns on your head.
You reflexively headbutt those who attack you in melee.


Message History

The sky beast is severely wounded.
The sky beast hits you but does no damage.
You hit the sky beast.
The sky beast is almost dead.
The sky beast hits you. The sky beast shocks you.
You hit the sky beast.
You kill the sky beast!
You slash the two-headed ogre!
The two-headed ogre is lightly wounded.
You hit the two-headed ogre but do no damage.
You headbutt the two-headed ogre.
The two-headed ogre is moderately wounded.
The two-headed ogre closely misses you. You furiously retaliate!
You headbutt the two-headed ogre! The two-headed ogre barely misses you.
You hit the two-headed ogre.
The two-headed ogre is heavily wounded.
The two-headed ogre hits you with a +0 giant club!
The two-headed ogre hits you but does no damage.
You hit the two-headed ogre.
The two-headed ogre is heavily wounded.
You slash the two-headed ogre!
Your headbutt misses the two-headed ogre.
The two-headed ogre is severely wounded.
The two-headed ogre hits you with a +0 giant club!!
The two-headed ogre barely misses you.
You hit the two-headed ogre but do no damage.
Your headbutt misses the two-headed ogre.
The two-headed ogre is severely wounded.
You hit the two-headed ogre.
The two-headed ogre is severely wounded.
The two-headed ogre hits you but does no damage.
The two-headed ogre hits you with a +0 dire flail!
You slash the two-headed ogre!
Your headbutt misses the two-headed ogre.
The two-headed ogre is almost dead.
The two-headed ogre hits you with a +0 giant club!!
* * * LOW HITPOINT WARNING * * *
The two-headed ogre hits you with a +0 dire flail!
You die...
Your body crumbles into a pile of gold.

#.. #>. #####
#..## #.. .#
####...#### .# .#
.........## # .#
#...?...# .#.. #.#
# .#.# #.# #O# ###
####.#.# #.# #@#
#.# .....#.# #.#
#.# #.# ....##.#
#.# #.# #.#
[...##.###.#####.#
#.#
....##........##.#
#.#
..............##.#
#.#####
...####.......##.#
#.....#
#................#
#####.#
#.....#.......####
#.#


You could see a two-headed ogre.

Vanquished Creatures
  A wyvern (D:8)
  A water moccasin (D:7)
  An orc warrior (D:8)
  A sky beast (D:8)
  2 necrophages
  3 ogres
  Blork the orc (D:6)
  2 scorpions
  A water moccasin zombie (D:6)
  3 bullfrogs
  4 killer bees
  3 wights (D:8)
  6 howler monkeys
  3 bullfrog zombies
  4 jellies
  5 orc priests
  A centaur zombie (D:6)
  2 gnoll shamans
  2 bullfrog skeletons (D:6)
  5 hounds
  5 iguanas
  5 orc wizards
  Robin (D:4)
  7 adders
  9 gnolls
  A howler monkey skeleton (D:7)
  4 ufetubi
  A worm (D:2)
  20 orcs
  2 ball pythons
  7 endoplasms
  8 giant cockroaches
  8 goblins
  7 hobgoblins
  2 jackals (D:2)
  4 kobolds
  2 quokkas (D:4)
  2 bats
  2 frilled lizards
  3 rats
151 creatures vanquished.

Vanquished Creatures (others)
  A wizard (D:4)
1 creature vanquished.

Grand Total: 152 creatures vanquished

Notes
Turn   | Place    | Note
-------+----------+-------------------------------------------
     0 | D:1      | BinkBink the Minotaur Monk began the quest for the Orb.
     0 | D:1      | Reached XP level 1. HP: 19/19 MP: 0/0
   284 | D:1      | Reached XP level 2. HP: 27/27 MP: 1/1
   638 | D:2      | Reached skill level 4 in Long Blades
   638 | D:2      | Reached XP level 3. HP: 18/33 MP: 2/2
  1123 | D:2      | Reached XP level 4. HP: 41/41 MP: 3/3
  1174 | D:2      | Found a faded altar of an unknown god.
  1194 | D:2      | Prayed at the altar of an unknown god.
  1194 | D:2      | Became a worshipper of Gozag Ym Sagoz the Greedy
  1556 | D:2      | Reached skill level 5 in Long Blades
  1556 | D:2      | Reached skill level 1 in Armour
  2618 | D:3      | Found Ros Mous's Antique Armour Shop.
  2639 | D:3      | Bought a pair of embroidered boots for 150 gold pieces
  2639 | D:3      | Bought a buckler for 90 gold pieces
  2913 | D:4      | Reached XP level 5. HP: 38/47 MP: 4/4
  3318 | D:4      | Noticed a necrophage
  3331 | D:4      | Killed a necrophage
  3332 | D:4      | Reached skill level 1 in Slings
  3332 | D:4      | Reached skill level 1 in Shields
  3416 | D:4      | Reached XP level 6. HP: 46/55 MP: 5/5
  3472 | D:4      | Found a bloodstained altar of Trog.
  3475 | D:4      | Noticed a wizard
  3481 | D:4      | Killed a wizard
  3806 | D:4      | Noticed Robin
  3814 | D:4      | Killed Robin
  4064 | D:4      | Found a staircase to the Ecumenical Temple.
  4207 | Temple   | Entered the Ecumenical Temple
  4320 | D:5      | Entered Level 5 of the Dungeon
  4455 | D:4      | Reached skill level 6 in Long Blades
  4712 | D:5      | Reached XP level 7. HP: 43/60 MP: 6/6
  5375 | D:5      | Reached skill level 5 in Fighting
  5375 | D:5      | Reached skill level 5 in Armour
  5542 | D:5      | Found a basalt altar of Yredelemnul.
  5542 | D:5      | Found a blossoming altar of Fedhas.
  5594 | D:5      | Found a hazy altar of Hepliaklqana.
  5792 | D:5      | Found a stormy altar of Qazlal.
  5899 | D:6      | Found a shimmering altar of Xom.
  6212 | D:6      | Reached skill level 7 in Long Blades
  6249 | D:5      | Reached XP level 8. HP: 33/68 MP: 7/7
  6700 | D:6      | Found a radiant altar of Vehumet.
  6724 | D:6      | Reached skill level 5 in Dodging
  7061 | D:6      | Reached skill level 8 in Long Blades
  7607 | D:6      | Found a snail-covered altar of Cheibriados.
  7831 | D:6      | Noticed Blork the orc
  7843 | D:6      | Killed Blork the orc
  8023 | D:7      | Found an opulent altar of Gozag.
  8027 | D:7      | Reached skill level 5 in Shields
  8080 | D:7      | Reached XP level 9. HP: 67/75 MP: 8/8
  8545 | D:7      | Reached skill level 9 in Long Blades
  8867 | D:7      | Found a shimmering blue altar of Sif Muna.
  9528 | D:8      | Noticed a two-headed ogre
 10453 | D:8      | Noticed a two-headed ogre
 10469 | D:8      | Mangled by a two-headed ogre

Illustrated notes

Levels and vault maps discovered:
D:1:      wheals_arrival_linesprint, layout_basic, minmay_misc_feat_nine_boxes
D:2:      layout_basic, chequers_ecumenical_altar_simple_redux,
          grunt_ministairs_9, minmay_pentomino_s2
D:3:      layout_loops_ring, serial_shops, nicolae_lakefront_shop,
          eino_tiny_chamber, chequers_serial_rivers_micro_c
D:4:      layout_basic, trog_wizard, minmay_temple_entry_statues_pillars,
          uniq_robin
D:5:      layout_basic, nicolae_overflow_hidden_temple,
          worldfamousw_hep_ancestral_shrine
D:6:      cheibrodos_iron_armory, layout_loops_ring, marbit_many_paths,
          mainiacjoe_overflow_24_doors, xom_butterflies, uniq_blork_the_orc
D:7:      layout_gridville, grunt_gozag_breadcrumbs, amcnicky_altar_gilded
D:8:      layout_loops_ring, bloody_makhleb, overflow_temple_1_default,
          nrook_uturn, nicolae_benzene_ring
Temple:   zaba_magenta_temple

Skill      XL: |  1  2  3  4  5  6  7  8  9 |
---------------+----------------------------+-----
Fighting       | 4 5 6 |  6.5
Long Blades    | 4 5 6 7 8 9 |  9.8
Dodging        | 4 5 |  5.6
Armour         | 1 2 4 5 7 8 |  8.2
Slings         | 1 |  1.9
Shields        | 1 3 5 6 |  6.2
Stealth        | |  1.9

Action                   |  1- 3 |  4- 6 |  7- 9 || total
-------------------------+-------+-------+-------++-------
Melee: Falchion          |    31 |   155 |   437 ||   623
       Headbutt          |     1 |    15 |    91 ||   107
Throw: Throwing net      |       |     1 |       ||     1
  Use: Potion            |       |     1 |     6 ||     7
 Stab: Sleeping          |     5 |     2 |     4 ||    11
       Held in net/web   |       |     1 |       ||     1
       Invisible         |       |       |     3 ||     3
       Distracted        |       |       |     1 ||     1
Armor: Robe              |     9 |       |       ||     9
       Ring mail         |       |    49 |    92 ||   141
Dodge: Dodged            |    15 |    89 |   173 ||   277
Block: Buckler           |       |    22 |    79 ||   101

Table legend: (Time is in decaauts)
 A = Elapsed time spent in this place.
 B = Non-inter-level travel time spent in this place.
 C = Inter-level travel time spent in this place.
 D = Time resting spent in this place.
 E = Time spent auto-exploring this place.
 F = Levels seen in this place.
 G = Mean time per level.
                   A        B        C        D        E       F      G
               +--------+--------+--------+--------+--------+-----+--------+
         Total |  10449 |   9875 |    574 |      0 |   8310 |   9 | 1161.0 |
       Dungeon |  10375 |   9821 |    554 |      0 |   8260 |   8 | 1296.9 |
        Temple |     73 |     54 |     19 |      0 |     50 |   1 |   73.0 |
               +--------+--------+--------+--------+--------+-----+--------+

Top non-repeatable levels by time:
     D:6: 1898 daAuts
     D:4: 1732 daAuts
     D:7: 1725 daAuts
     D:5: 1360 daAuts
     D:2: 1228 daAuts
     D:1: 920 daAuts
     D:3: 763 daAuts
     D:8: 747 daAuts
  Temple: 73 daAuts
